 Dungeon Crawl Stone Soup version 0.21.1-1-g345015f (webtiles) character file.

20514 Monsterracer the Cleaver (level 12, -11/94 HPs)
             Began as a Barachi Venom Mage on June 23, 2018.
             Was the Champion of Jiyva.
             Mangled by a black mamba (16 damage)
             ... on level 4 of the Lair of Beasts on July 4, 2018.
             The game lasted 00:47:19 (16547 turns).

Monsterracer the Cleaver (Barachi Venom Mage)      Turns: 16547, Time: 00:47:19

Health: -11/94     AC: 13    Str: 12    XL:     12   Next: 80%
Magic:  13/24      EV: 17    Int: 17    God:    Jiyva [******]
Gold:   434        SH:  0    Dex: 13    Spells: 10/27 levels left

rFire    . . .     SeeInvis .   a - +3 war axe
rCold    . . .     Gourm    .   (no shield)
rNeg     . . .     Faith    .   p - +2 ring mail of the Invisible Hand {+Inv MR++ Str-5 Dex+4}
rPois    +         Spirit   .   r - +2 helmet
rElec    .         Reflect  .   (no cloak)
rCorr    +         Harm     .   q - +0 pair of gloves
MR       ++...                  (no boots)
Stlth    +.........             e - amulet of regeneration
HPRegen  0.65/turn              E - ring of poison resistance {!d}
MPRegen  0.19/turn              t - +3 ring of evasion

@: lethally poisoned (-11 -> -12), can't hop, very slightly contaminated, slow
A: +LOS, swims, blurry vision 1, slowness 1, eyeballs 1, gelatinous body 1,
tendrils, jelly sensing items, MP-powered wands, strong legs 1
a: Hop, Request Jelly, Slimify, Cure Bad Mutation, Renounce Religion, Evoke
Invisibility


You were on level 4 of the Lair of Beasts.
You worshipped Jiyva.
Jiyva was exalted by your worship.
You were very full.

You visited 3 branches of the dungeon, and saw 15 of its levels.
You also visited: Ossuary.

You collected 473 gold pieces.
You spent 39 gold pieces at shops.

Inventory:

Hand Weapons
 a - a +3 war axe (weapon)
 b - a +1 flail of protection
Armour
 p - the +2 ring mail of the Invisible Hand (worn) {+Inv MR++ Str-5 Dex+4}
   (You found it on level 4 of the Dungeon)

   It affects your strength (-5).
   It affects your dexterity (+4).
   It affects your resistance to hostile enchantments.
   It lets you turn invisible.
 q - a +0 pair of gloves (worn)
 r - a +2 helmet (worn)
 v - a +0 robe
Jewellery
 e - an amulet of regeneration (around neck)
 t - a +3 ring of evasion (right hand)
 E - a ring of poison resistance (left hand) {!d}
Wands
 w - a wand of digging (16)
 B - a wand of paralysis (22)
 D - a wand of flame (6)
Scrolls
 d - 2 scrolls of blinking
 g - 2 scrolls of fog
 i - 3 scrolls of remove curse
 j - 4 scrolls of teleportation
 x - a scroll of amnesia
 y - a scroll of identify
 A - a scroll of fear {!r}
Potions
 f - 10 potions of curing
 k - 2 potions of ambrosia {!q}
 l - 2 potions of cancellation
 m - 2 potions of might
 n - a potion of invisibility
 o - 2 potions of mutation {!q}
 s - a potion of flight
 u - 2 potions of heal wounds
 z - 3 potions of lignification
 F - 3 potions of haste
Comestibles
 c - 15 rations


   Skills:
 + Level 8.8 Fighting
 * Level 12.8 Axes
 - Level 5.4 Armour
 - Level 5.7 Dodging
 - Level 1.7 Stealth
 + Level 8.2 Spellcasting
 - Level 3.0 Conjurations
 + Level 1.4 Summonings
 * Level 8.5 Ice Magic
 - Level 10.0 Poison Magic


You had 10 spell levels left.
You knew the following spells:

 Your Spells              Type           Power        Failure   Level  Hunger
a - Poisonous Vapours     Pois/Air       ###...       4%          2    None
b - Throw Icicle          Conj/Ice       ####....     19%         4    ###....
c - Mephitic Cloud        Conj/Pois/Air  ###.....     11%         3    #......
d - Olgreb's Toxic Radia  Pois           #####...     3%          4    ###....
f - Summon Ice Beast      Ice/Summ       ###.....     26%         4    ###....


Dungeon Overview and Level Annotations

Branches:
Dungeon (10/15)            Temple (1/1) D:5            Lair (4/6) D:10
 Shoals (0/4) Lair:2       Spider (0/4) Lair:2          Orc (0/2) D:9

Altars:
Ashenzari
Cheibriados
Dithmenos
Elyvilon
Fedhas
Gozag
Hepliaklqana
Kikubaaqudgha
Makhleb
Nemelex Xobeh
Okawaru
Qazlal
Ru
Sif Muna
Trog
Uskayaw
Vehumet
Wu Jian
Xom
Yredelemnul
Zin
The Shining One
Jiyva

Shops:
D:9 }   D:10 **

Annotations:
D:4 p0werm0de's ghost, amateur OpNe
D:7 RottenKnight's ghost, novice MfSu
Lair:1 exclusion: oklob plant


Innate Abilities, Weirdness & Mutations

Shadows flee at your approach. (+LOS)
You can swim through water.
You cover ground slowly.
You can hop short distances.
Scrolls take you a little longer to read.
Your body has grown golden eyes which may confuse attackers. (Acc +3)
Your rubbery body absorbs attacks. (AC +1, EV +1)
You are covered in slimy tendrils that may disarm your opponents.
You have a small jelly attached to you that senses nearby items.
You expend magic power (3 MP) to strengthen your wands.


Message History

You hit the black mamba.
The black mamba is almost dead.
The black mamba completely misses you.
The black mamba bites you but does no damage.
You completely miss the black mamba.
The black mamba is almost dead.
The black mamba bites you.
The eyeballs on your body gaze at the black mamba.
You take 3 damage, and have 57/94 hp.
You slice the black mamba!!
You kill the black mamba!
You see here a black mamba corpse.
You start resting.
You regained 3 hp, and now have 62/94 hp.
A black mamba is nearby!
A black mamba is nearby!
The black mamba hisses angrily.
The black mamba bites you.
You take 3 damage, and have 59/94 hp.
You hit the black mamba.
The black mamba is lightly wounded.
The black mamba misses you.
You closely miss the black mamba.
The black mamba is lightly wounded.
The black mamba barely misses you. The black mamba bites you!
* * * LOW HITPOINT WARNING * * *
You take 13 damage, and have 46/94 hp.
Casting: Mephitic Cloud
Confirm with . or Enter, or press ? or * to list all spells.
Okay, then.
Casting: Mephitic Cloud
Confirm with . or Enter, or press ? or * to list all spells.
You miscast Summon Ice Beast.
You are very lightly contaminated with residual magic.
Frost spreads across the the floor.
The black mamba bites you but does no damage.
The black mamba completely misses you.
You now have 20/24 mp.
Casting: Summon Ice Beast
Confirm with . or Enter, or press ? or * to list all spells.
A chill wind blows around you. The black mamba bites you!
* * * LOW HITPOINT WARNING * * *
The black mamba misses you.
You take 13 damage, and have 33/94 hp.
You now have 17/24 mp.
The black mamba bites you but does no damage.
Your ice beast completely misses the black mamba.
The black mamba bites you!
* * * LOW HITPOINT WARNING * * *
You are poisoned.
The black mamba poisons you!
You take 9 damage, and have 25/94 hp.
You slash the black mamba!
The black mamba is moderately wounded.
You feel sick. The black mamba barely misses you.
Your ice beast barely misses the black mamba.
The black mamba closely misses you.
You take 2 damage, and have 23/94 hp.
You hit the black mamba but do no damage.
The black mamba is moderately wounded.
You feel sick.
The black mamba bites you but does no damage.
Your ice beast hits the black mamba.
Your ice beast freezes the black mamba!
The black mamba seems to slow down.
You closely miss the black mamba.
The black mamba is heavily wounded.
You feel sick. The black mamba bites you.
* * * LOW HITPOINT WARNING * * *
Your ice beast completely misses the black mamba.
You take 4 damage, and have 19/94 hp.
You hit the black mamba.
The black mamba is severely wounded.
You feel sick. The black mamba misses you.
Your ice beast closely misses the black mamba.
You take 1 damage, and have 18/94 hp.
You hit the black mamba but do no damage.
The black mamba is severely wounded.
You feel sick. The black mamba bites you!
* * * LOW HITPOINT WARNING * * *
You take 13 damage, and have 5/94 hp.
Hop to where?
Press: ? - help, Dir - move target cursor Boing!
You feel sick.
The black mamba is no longer moving slowly.
You hear a slurping noise.
Jiyva appreciates your sacrifice.
You feel your power returning.
You feel better.
Evoke which item? (* to show all) (? for menu, Esc to quit)
Aiming: Paralyse
Press: ? - help, Shift-Dir - straight line, f - black mamba
Aim: a black mamba (severely wounded, chance to defeat MR: 50%)
The black mamba resists with some effort.
You feel sick. The black mamba completely misses you.
You now have 16/24 mp.
Evoke which item? (* to show all) (? for menu, Esc to quit)
Aiming: Paralyse
Press: ? - help, Shift-Dir - straight line, f/p - black mamba
Aim: a black mamba (severely wounded, chance to defeat MR: 50%)
The black mamba resists with some effort.
You feel sick. The black mamba bites you!
You die...

#.........##.###...
###......#..##..####.
#####.##.J...........##..
#.##........#............
##.#...#....#.......S...J
###....#..................
###....P#.....§.............
#......###..SY.........S†...
#.###### #.@...#.......S....
#.# #....##..........#..
#.## #.#...###.........###
#..# ###.... ##.........
#.## ....## #P........ #.#
#....# ##........ #.# ##....
#....... #.# #.... #.#
....#.


You could see a black mamba, a neutral jelly (fellow slime) and a friendly ice
beast.

Vanquished Creatures
  A hydra (Lair:1)
  A death yak (Lair:3)
  4 elephants
  8 black mambas
  3 spiny frogs
  A komodo dragon (Lair:4)
  3 trolls
  2 jumping spiders (Lair:2)
  Prince Ribbit (D:7)
  2 hornets
  2 hippogriffs
  14 blink frogs
  A redback (Lair:2)
  2 hogs
  A human (D:6)
  24 yaks
  2 basilisks
  Menkaure (D:7)
  Duvessa (D:6)
  2 water moccasins (Lair:4)
  3 porcupines
  4 sky beasts
  An ice beast (D:9)
  5 orc warriors
  3 phantoms
  4 ogres
  6 wolves
  2 centaurs
  3 crocodiles
  An elf zombie (D:7)
  2 big kobolds (D:9)
  8 bullfrogs
  A scorpion (D:6)
  2 electric eels (D:10)
  3 wights (D:9)
  A bullfrog zombie (D:10)
  3 centaur zombies
  A quasit (D:5)
  A crimson imp (D:5)
  3 orc priests
  8 hounds
  2 iguanas (D:10)
  Jessica (D:2)
  A human skeleton (D:7)
  5 human zombies
  5 worker ants
  3 orc wizards
  2 hell rats (Lair:2)
  2 big kobold zombies (Ossuary)
  A hound zombie (D:5)
  2 mummies (Ossuary)
  2 worker ant zombies
  A howler monkey skeleton (D:5)
  6 river rats (Lair:2)
  7 adders
  2 shadow imps
  An adder skeleton (D:5)
  An adder zombie (D:5)
  7 worms
  3 dart slugs (D:3)
  10 leopard geckos
  20 orcs
  8 giant cockroaches
  10 goblins
  6 hobgoblins
  3 jackals (D:4)
  4 quokkas
  A ball python (D:2)
  12 bats
  7 frilled lizards
  3 goblin zombies (Ossuary)
  11 hobgoblin zombies (Ossuary)
  2 jackal zombies (Ossuary)
  15 kobolds
  9 kobold zombies (Ossuary)
  2 orc skeletons (D:7)
  5 orc zombies (Ossuary)
  2 quokka skeletons (D:4)
  4 rats
329 creatures vanquished.

Vanquished Creatures (collateral kills)
  A spiny frog (Lair:1)
1 creature vanquished.

Vanquished Creatures (others)
  2 death yaks (Lair:3)
  A spiny frog (Lair:4)
  2 blink frogs (Lair:1)
  A wyvern (Lair:2)
  A yak (Lair:1)
  A basilisk (Lair:1)
  4 water moccasins
  2 porcupines
  3 orc warriors
  A phantom (D:9)
  A wolf (D:10)
  A big kobold (D:8)
  5 bullfrogs
  Dowan (D:6)
  A wyvern skeleton (D:8)
  2 scorpions (D:6)
  A wight (D:9)
  A howler monkey (D:7)
  An electric eel (D:6)
  A crimson imp (D:6)
  2 quasits
  A hound (D:9)
  4 orc priests (D:9)
  87 jellies
  3 orc wizards
  A worker ant (D:10)
  A hound skeleton (D:7)
  2 worker ant zombies
  3 adders
  3 river rats (Lair:2)
  A leopard gecko (D:8)
  32 orcs
  A giant cockroach (D:7)
  8 kobolds
  A jackal skeleton (D:6)
  A jackal zombie (Ossuary)
  2 quokka skeletons (D:6)
  A rat (Lair:2)
  A bush (Lair:2)
  16 fungi
  18 plants
222 creatures vanquished.

Grand Total: 552 creatures vanquished

Notes
Turn   | Place    | Note
-------+----------+-------------------------------------------
     0 | D:1      | Monsterracer the Barachi Venom Mage began the quest for the Orb.
     0 | D:1      | Reached XP level 1. HP: 13/13 MP: 3/3
   109 | D:1      | HP: 6/13 [bat (1)]
   114 | D:1      | HP: 5/13 [bat (1)]
   407 | D:1      | Reached XP level 2. HP: 12/19 MP: 1/5
   802 | D:1      | Learned a level 2 spell: Poisonous Vapours
  1402 | D:2      | Found an iron altar of Okawaru.
  1415 | D:2      | Reached XP level 3. HP: 20/24 MP: 4/6
  1420 | D:2      | Learned a level 3 spell: Mephitic Cloud
  1554 | D:2      | HP: 11/24 [worm (10)]
  1909 | D:2      | Noticed Jessica
  1913 | D:2      | Killed Jessica
  1913 | D:2      | Reached XP level 4. HP: 29/30 MP: 4/8
  3023 | D:3      | Reached skill level 5 in Poison Magic
  3023 | D:3      | Reached XP level 5. HP: 23/35 MP: 4/9
  3444 | D:3      | Learned a level 4 spell: Olgreb's Toxic Radiance
  3622 | D:3      | Reached skill level 1 in Fighting
  3622 | D:3      | Reached XP level 6. HP: 42/43 MP: 2/11
  3628 | D:3      | Found a hazy altar of Hepliaklqana.
  3842 | D:3      | Found a white marble altar of Elyvilon.
  3851 | D:3      | Found a glowing silver altar of Zin.
  4132 | D:3      | Found a glowing golden altar of the Shining One.
  4330 | D:4      | Noticed p0werm0de's ghost (amateur OpNe)
  4865 | D:4      | Got a smoking ring mail
  4878 | D:4      | Identified the +2 ring mail of the Invisible Hand {+Inv MR++ Str-5 Dex+4} (You found it on level 4 of the Dungeon)
  4946 | D:4      | Found a basalt altar of Yredelemnul.
  5046 | D:4      | HP: 20/43 [p0werm0de's ghost/nerve-wracking pain (11)]
  5385 | D:5      | Entered Level 5 of the Dungeon
  5620 | D:5      | Reached XP level 7. HP: 51/51 MP: 5/13
  5954 | D:5      | Found a staircase to the Ecumenical Temple.
  6016 | Temple   | Entered the Ecumenical Temple
  6077 | Temple   | Became a worshipper of Jiyva Jomir the Shapeless
  6236 | D:5      | Reached skill level 1 in Axes
  6726 | D:4      | Reached * piety under Jiyva
  6755 | D:4      | HP: 22/52 [p0werm0de's ghost/nerve-wracking pain (12)]
  6760 | D:4      | HP: 19/52 [p0werm0de's ghost/nerve-wracking pain (7)]
  7009 | D:6      | Noticed Duvessa
  7010 | D:6      | Noticed Dowan
  7018 | D:6      | Reached ** piety under Jiyva
  7070 | D:6      | Killed Duvessa
  7070 | D:6      | Reached skill level 2 in Axes
  7070 | D:6      | Reached skill level 1 in Armour
  7070 | D:6      | Reached XP level 8. HP: 53/58 MP: 9/14
  7076 | D:6      | Killed Dowan
  7318 | D:6      | Found a burning altar of Makhleb.
  7427 | D:6      | Reached *** piety under Jiyva
  7508 | D:6      | Found a shadowy altar of Dithmenos.
  7807 | D:7      | Noticed a yak
  7807 | D:7      | Noticed a yak
  7816 | D:7      | Reached skill level 3 in Axes
  7875 | D:7      | Noticed RottenKnight's ghost (novice MfSu)
  7877 | D:7      | HP: 28/60 [hog (8)]
  7882 | D:6      | Killed a yak
  7882 | D:6      | Reached skill level 5 in Spellcasting
  7884 | D:6      | Reached skill level 4 in Axes
  8039 | D:7      | Reached XP level 9. HP: 66/66 MP: 16/16
  8114 | D:7      | Noticed Prince Ribbit
  8143 | D:7      | Killed Prince Ribbit
  8238 | D:7      | Reached skill level 5 in Axes
  8245 | D:7      | Found a sand-covered staircase.
  8264 | Ossuary  | Entered an ossuary
  8500 | Ossuary  | Reached skill level 6 in Axes
  8742 | D:7      | Noticed Menkaure
  8750 | D:7      | HP: 27/66 [Menkaure/nerve-wracking pain (8)]
  8751 | D:7      | Killed Menkaure
  8831 | D:7      | HP: 30/66 [orc warrior/scimitar (17)]
  8835 | D:7      | Reached skill level 7 in Axes
  9043 | D:7      | HP: 29/66 [yak (10)]
  9302 | D:7      | Gained mutation: You are partially covered in yellow scales. (AC +2) [Jiyva's grace]
  9569 | D:8      | Found an ancient bone altar of Kikubaaqudgha.
  9569 | D:8      | Noticed a hornet
  9579 | D:8      | Found a burning altar of Makhleb.
  9580 | D:8      | Found a sparkling altar of Nemelex Xobeh.
  9580 | D:8      | Found a snail-covered altar of Cheibriados.
  9621 | D:8      | Killed a hornet
  9621 | D:8      | Reached skill level 5 in Fighting
  9703 | D:8      | Reached **** piety under Jiyva
  9749 | D:8      | Found a basalt altar of Yredelemnul.
  9751 | D:8      | Found a hide-covered altar of Uskayaw.
  9751 | D:8      | Found a glowing silver altar of Zin.
  9756 | D:8      | Found a shimmering altar of Xom.
  9756 | D:8      | Found a shimmering altar of Xom.
  9756 | D:8      | Found an ornate altar of the Wu Jian Council.
  9759 | D:8      | Reached XP level 10. HP: 74/74 MP: 12/18
  9836 | D:8      | Gained mutation: Your mind is acute. (Int +2) [Jiyva's grace]
  9876 | D:8      | Reached ***** piety under Jiyva
 10227 | D:8      | Found an opulent altar of Gozag.
 10231 | D:8      | Found a bloodstained altar of Trog.
 10389 | D:9      | Lost mutation: Your mind is acute. (Int +2) [Jiyva's grace]
 10405 | D:9      | Found Yvvocz Faef's Gadget Shoppe.
 10412 | D:9      | Reached skill level 8 in Axes
 10434 | D:9      | Reached skill level 5 in Dodging
 10435 | D:9      | Gained mutation: You are occasionally teleported next to monsters. [Jiyva's grace]
 10438 | D:9      | Lost mutation: You are occasionally teleported next to monsters. [Jiyva's power]
 10497 | D:9      | HP: 37/74 [orc warrior/glaive (7)]
 10507 | D:9      | Lost mutation: You are partially covered in yellow scales. (AC +2) [Jiyva's grace]
 10559 | D:9      | Reached ****** piety under Jiyva
 10601 | D:9      | HP: 27/75 [troll (13)]
 10604 | D:9      | Gained mutation: You are covered in slimy tendrils that may disarm your opponents. [Jiyva's grace]
 11068 | D:9      | Found a staircase to the Orcish Mines.
 11209 | D:10     | Entered Level 10 of the Dungeon
 11217 | D:10     | HP: 37/76 [yak (5)]
 11222 | D:10     | HP: 19/76 [yak (5)]
 11224 | D:10     | Reached skill level 5 in Armour
 11237 | D:10     | HP: 27/76 [centaur warrior zombie (2)]
 11242 | D:10     | HP: 15/76 [centaur warrior zombie (3)]
 11244 | D:10     | Reached skill level 9 in Axes
 11395 | D:10     | HP: 35/76 [wolf (5)]
 11420 | D:10     | Reached skill level 10 in Poison Magic
 11494 | D:10     | Reached XP level 11. HP: 81/82 MP: 16/20
 11518 | D:10     | Found Foshut's Changing Room.
 11675 | D:10     | Found Ozalen's General Store.
 11682 | D:10     | Found a staircase to the Lair.
 11690 | D:10     | Bought a scroll of teleportation for 39 gold pieces
 11905 | D:10     | Gained mutation: You are weak. (Str -2) [Jiyva's grace]
 12018 | D:10     | Reached skill level 10 in Axes
 12421 | Lair:1   | Entered Level 1 of the Lair of Beasts
 12517 | Lair:1   | Noticed an oklob plant
 12649 | Lair:1   | Lost mutation: You are weak. (Str -2) [Jiyva's grace]
 12688 | Lair:1   | Reached skill level 11 in Axes
 12752 | Lair:1   | Noticed a five-headed hydra
 12764 | Lair:1   | HP: 35/82 [five-headed hydra (8)]
 12892 | Lair:1   | HP: 35/82 [five-headed hydra (8)]
 12894 | Lair:1   | HP: 9/82 [five-headed hydra (9)]
 12898 | Lair:1   | Killed a five-headed hydra
 13213 | Lair:1   | Learned a level 4 spell: Summon Ice Beast
 13218 | Lair:1   | Learned a level 4 spell: Throw Icicle
 13497 | Lair:2   | Reached skill level 12 in Axes
 13552 | Lair:2   | Gained mutation: Your rubbery body absorbs attacks. (AC +1, EV +1) [Jiyva's grace]
 13555 | Lair:2   | Noticed an eight-headed hydra
 13616 | Lair:2   | Found a staircase to the Shoals.
 13628 | Lair:2   | Reached skill level 1 in Ice Magic
 13807 | Lair:2   | Gained mutation: Scrolls take you a little longer to read. [Jiyva's grace]
 13816 | Lair:2   | HP: 38/84 [yak (12)]
 13817 | Lair:2   | Reached XP level 12. HP: 41/91 MP: 13/22
 13834 | Lair:2   | Lost mutation: Scrolls take you a little longer to read. [Jiyva's power]
 14151 | Lair:2   | Reached skill level 5 in Ice Magic
 14170 | Lair:2   | Found a hole to the Spider Nest.
 14175 | Lair:2   | Slimified an eight-headed hydra
 14175 | Lair:2   | Noticed an azure jelly
 14175 | Lair:2   | an eight-headed hydra changed into an azure jelly
 14725 | Lair:3   | Noticed an eight-headed hydra
 14725 | Lair:3   | Gained mutation: Scrolls take you a little longer to read. [Jiyva's grace]
 14730 | Lair:3   | Slimified an eight-headed hydra
 14730 | Lair:3   | Noticed an azure jelly
 14730 | Lair:3   | an eight-headed hydra changed into an azure jelly
 14785 | Lair:3   | Noticed an eight-headed hydra
 14788 | Lair:3   | Slimified an eight-headed hydra
 14788 | Lair:3   | Noticed an acid blob
 14788 | Lair:3   | an eight-headed hydra changed into an acid blob
 14982 | Lair:3   | Noticed a seven-headed hydra
 14986 | Lair:3   | Slimified a seven-headed hydra
 14986 | Lair:3   | Noticed an acid blob
 14986 | Lair:3   | a seven-headed hydra changed into an acid blob
 15028 | Lair:3   | Noticed a death yak
 15053 | Lair:3   | HP: 45/92 [death yak (14)]
 15057 | Lair:3   | Killed a death yak
 15064 | Lair:3   | Killed a death yak
 15065 | Lair:3   | Gained mutation: You expend magic power (3 MP) to strengthen your wands. [Jiyva's grace]
 15075 | Lair:3   | Killed a death yak
 15816 | Lair:4   | HP: 46/92 [blink frog (9)]
 15822 | Lair:3   | HP: 42/92 [black mamba (6)]
 15992 | Lair:4   | HP: 41/94 [black mamba (10)]
 16158 | Lair:4   | Gained mutation: You have a small jelly attached to you that senses nearby items. [Jiyva's grace]
 16183 | Lair:4   | HP: 43/94 [black mamba (11)]
 16189 | Lair:4   | HP: 42/94 [black mamba (9)]
 16202 | Lair:4   | Gained mutation: Your body has grown golden eyes which may confuse attackers. (Acc +3) [Jiyva's grace]
 16404 | Lair:4   | HP: 38/94 [black mamba (14)]
 16406 | Lair:4   | Reached skill level 1 in Summonings
 16535 | Lair:4   | HP: 46/94 [black mamba (14)]
 16540 | Lair:4   | HP: 23/94 [poisoned by a black mamba]
 16544 | Lair:4   | HP: 5/94 [black mamba (12)]
 16547 | Lair:4   | Mangled by a black mamba

Skill      XL: |  1  2  3  4  5  6  7  8  9 10 11 12 |
---------------+-------------------------------------+-----
Poison Magic   | 4 5 6 7 8 10 | 10.0
Conjurations   | 2 3 |  3.0
Spellcasting   | 3 4 5 6 8 |  8.2
Fighting       | 1 2 3 4 5 6 7 8 |  8.8
Axes           | 2 4 7 9 12 | 12.8
Dodging        | 3 4 5 |  5.7
Armour         | 1 2 3 5 |  5.4
Ice Magic      | 4 8 |  8.5
Summonings     | 1 |  1.4
Stealth        | |  1.7

Action                   |  1- 3 |  4- 6 |  7- 9 | 10-12 || total
-------------------------+-------+-------+-------+-------++-------
Melee: Unarmed           |    38 |     9 |     6 |       ||    53
       Dagger            |       |    67 |       |       ||    67
       Quarterstaff      |       |    15 |    70 |       ||    85
       Hand axe          |       |       |   366 |   174 ||   540
       War axe           |       |       |       |   480 ||   480
       Flail             |       |       |       |    11 ||    11
 Cast: Sting             |    51 |    57 |       |       ||   108
       Poisonous Vapours |     6 |    56 |    38 |    69 ||   169
       Olgreb's Toxic Ra |       |     3 |    10 |    36 ||    49
       Mephitic Cloud    |       |       |     2 |     3 ||     5
       Throw Icicle      |       |       |       |     2 ||     2
       Summon Ice Beast  |       |       |       |     1 ||     1
Invok: Cure Bad Mutation |       |       |       |     3 ||     3
       Slimify           |       |       |       |     4 ||     4
 Abil: Hop               |       |       |     2 |     9 ||    11
Evoke: Wand              |       |       |       |     4 ||     4
  Use: Scroll            |       |    17 |     5 |     2 ||    24
       Potion            |       |       |       |     1 ||     1
 Stab: Sleeping          |       |       |     4 |       ||     4
       Confused          |       |       |     1 |       ||     1
  Eat: Chunk             |     5 |    15 |    11 |       ||    31
       Ration            |       |       |     1 |       ||     1
Armor: Robe              |    19 |    17 |   151 |       ||   187
       Ring mail         |       |       |       |   228 ||   228
Dodge: Dodged            |    40 |    68 |   462 |   589 ||  1159

Vault maps used:
D:1:      minmay_arrival_radiant_lines, serial_forest, infiniplex_forest_split,
          infiniplex_forest_clump_cross, infiniplex_forest_lined_room_2,
          infiniplex_forest_pool, infiniplex_forest_lined_1,
          infiniplex_forest_lined_room_3, infiniplex_forest_side_room
D:2:      minmay_wonky_spiral, okawaru_trees_1, uniq_jessica
D:3:      good_gods_temple_1, overflow_temple_1_default,
          minmay_stone_trees_small
D:4:      overflow_temple_1_default
D:5:      minmay_temple_entry_large_hall, first_ration,
          kennysheep_opposing_triangles
D:6:      grunt_dithmenos_smoke, serial_bayou_pond_b, lemuel_statue_altar,
          uniq_duvessa
D:7:      nicolae_ossuary_entry_catacombs, grunt_livestock, st_stairs_6,
          uniq_menkaure, uniq_prince_ribbit1
D:8:      minmay_overflow_temple_hex, doesnt_xom_only_xom
D:9:      hiddenorc2_lemuel, serial_shops, shop
D:10:     erik_lair_island, serial_shops, nicolae_shop_crystal,
          nicolae_transmutations_shop
Temple:   pf_slimified_temple
Lair:1:   wad_woods_road_04, minmay_lair_oklob_chamber, serial_bayou_shore_a
Lair:2:   elwin_shoals_entry_rocks, spider_nest_entry_funnel_web,
          hangedman_lair_unloving_vines, columned_hall_lemuel,
          grunt_forest_small_clearings, kennysheep_rathole
Lair:3:   serial_bayou_shore_b, grunt_megastairs_3
Lair:4:   beast_lair_carwin_large_4
Ossuary:  ossuary_tomb_1
